[Event "*** Titled Tuesday Blitz"]
[Site "Chess.com"]
[Date "2020.12.29"]
[Round "3"]
[White "Pantata007"]
[Black "Carnivoras"]
[Result "0-1"]
[WhiteElo "2291"]
[BlackElo "2604"]
[TimeControl "180+1"]
[EndTime "10:28:20 PST"]
[Termination "Carnivoras won on time"]

1. d4 d5 2. c4 c6 3. Nc3 e6 4. e3 f5 5. Bd3 Nf6 6. Nge2 Bd6 7. f3 O-O 8. Qc2 a6 9. c5 Bc7 10. Bd2 Nbd7 11. O-O b6 12. b4 a5 13. b5 bxc5 14. bxc6 Nb8 15. Bb5 Qd6 16. g3 Nxc6 17. Qa4 Bd7 18.
Rfc1 Nb4 19. dxc5 Qe7 20. c6 Be8 21. Nd4 e5 22. Nxf5 Qe6 23. Nh4 d4 24. Nd1 Kh8 25.
Bc4 Qd6 26. Bxb4 axb4 27. Qxa8 Bxc6 0-1

[Event "*** Titled Tuesday Blitz"]
[Site "Chess.com"]
[Date "2020.12.29"]
[Round "3"]
[White "goldenpuppy"]
[Black "AlanZhang"]
[Result "1-0"]
[WhiteElo "2353"]
[BlackElo "2162"]
[TimeControl "180+1"]
[EndTime "10:28:20 PST"]
[Termination "goldenpuppy won by resignation"]

1. e4 e5 2. Nf3 Nc6 3. Bc4 Bc5 4. O-O Nf6 5. d3 d6 6. c3 h6 7. a4 Bb6 8. b4 a5 9. b5 Ne7 10. Nbd2 O-O 11. Bb3 Ng6 12. Nc4 Nd7 13. Be3 Bxe3 14. Nxe3 Nc5 15. Bc2 c6 16. d4 Ne6 17. d5 Nc5 18.
dxc6 bxc6 19. bxc6 Qc7 20. Nd5 Qxc6 21. Nh4 Kh7 22.
Nxg6 fxg6 23. f4 Ba6 24. Rf2 exf4 25. e5 dxe5 26. Ne7 Qf6 27. Nxg6 Rfd8 28. Nxf4+ Kg8 29. Nd5 Qe6 30. Rd2 Qd6 31. Bb3 Nxb3 32. Qxb3 Qc5+ 33.
Kh1 Bc4 34. Ne7+ Kf7 35. Rf1+ Ke8 36. Qb7 Qxe7 37. Qc6+ Rd7 38. Qxa8+ Qd8 39. Qxd8+ Kxd8 40. Rxd7+ Kxd7 41. Rd1+ Kc6 42. Kg1 Bb3 43. Re1 Kd5 44. Kf2 Bxa4 45. Ke3 Bb5 46. Rb1 Bc4 47. Ra1 1-0

[Event "*** Titled Tuesday Blitz"]
[Site "Chess.com"]
[Date "2020.12.29"]
[Round "3"]
[White "tvjosue"]
[Black "Grammnik"]
[Result "1-0"]
[WhiteElo "2528"]
[BlackElo "2305"]
[TimeControl "180+1"]
[EndTime "10:28:22 PST"]
[Termination "tvjosue won on time"]

1. c4 c5 2. Nc3 Nf6 3. Nf3 d5 4. cxd5 Nxd5 5. e3 Nc6 6. Bc4 e6 7. O-O Be7 8. d4 cxd4 9. exd4 O-O 10. a3 Bf6 11. Ba2 Nce7 12. Ne4 Nf5 13. Nxf6+ Qxf6 14. Re1 h6 15. Ne5 Rd8 16. b4 Bd7 17. Bb2 Be8 18. Rc1 Rac8 19. Qf3 Nfe7 20. Qg3 Qg5 21. Qf3 Qf6 22.
Qe4 Qg5 23. Bb1 Nf6 24. Qxb7 Qd2 25. Qxe7 Rxc1 26. Rxc1 Qxb2 27. Rf1 Qxd4 28. Nf3 Qd5 29. Qxa7 Bb5 30. Re1 Qb3 31. Qe3 Qb2 32. h3 Bc6 33. Ne5 Bd5 34. Qa7 Rf8 35. Nd3 Qc3 36. Re3 Bc4 37. Qc5 Qa1 38. Qxc4 Qxb1+ 39. Re1 1-0

[Event "*** Titled Tuesday Blitz"]
[Site "Chess.com"]
[Date "2020.12.29"]
[Round "3"]
[White "Chessbard1972"]
[Black "TheCairnTerrier"]
[Result "1/2-1/2"]
[WhiteElo "2315"]
[BlackElo "2094"]
[TimeControl "180+1"]
[EndTime "10:28:23 PST"]
[Termination "Game drawn by repetition"]

1. d4 Nf6 2. c4 g6 3. Nf3 Bg7 4. g3 O-O 5. Bg2 c6 6. Nc3 d5 7. cxd5 cxd5 8. Ne5 Nc6 9. Bg5 e6 10. e3 h6 11. Bxf6 Bxf6 12. Nxc6 bxc6 13. f4 c5 14.
dxc5 Bxc3+ 15. bxc3 Qa5 16. Qd4 Ba6 17. Kf2 Rab8 18. Rhd1 Rb2+ 19. Kg1 Rfb8 20. g4 Rxa2 21. Rxa2 Qxa2 22. Rd2 Qc4 23. Qe5 Rb1+ 24. Kf2 Qxc5 25. f5 gxf5 26. gxf5 Qc4 27. Rd4 Rb2+ 28. Kg3 Rxg2+ 29.
Kxg2 Qf1+ 30. Kg3 Qg1+ 31. Kf3 Qf1+ 32. Kg3 Qg1+ 33. Kf3 Qf1+ 34. Kg3 1/2-1/2

[Event "*** Titled Tuesday Blitz"]
[Site "Chess.com"]
[Date "2020.12.29"]
[Round "3"]
[White "Agent-JL"]
[Black "Meri-Arabidze"]
[Result "0-1"]
[WhiteElo "2394"]
[BlackElo "2638"]
[TimeControl "180+1"]
[EndTime "10:28:24 PST"]
[Termination "Meri-Arabidze won on time"]

1. d4 d5 2. c4 e6 3. Nf3 Nf6 4.
Nc3 Nbd7 5. cxd5 exd5 6. Bf4 c6 7. e3 Be7 8. Bd3 O-O 9. O-O Re8 10. Ne5 Nf8 11. Bg3 Ng6 12. f4 c5 13. Kh1 a6 14. Rc1 c4 15. Bb1 b5 16. a3 Bb7 17.
h3 Qb6 18. Bf2 a5 19. g4 b4 20. Ne2 bxa3 21. bxa3 Bxa3 22. Rc2 Ne4 23. Be1 f6 24. Nxg6 hxg6 25. h4 Bb4 26. h5 gxh5 27. gxh5 Kf7 28. Ng1 Bc8 29. Rg2 Rh8 30. f5 Bxe1 31. Rxe1 Bxf5 32. Rf1 g6 33. Rxf5 gxf5 34. Bc2 Rh6 35. Qf3 Rah8 36. Rh2 Qd6 37. Ne2 Qd7 38. Nf4 a4 39.
Ng6 R8h7 40. Nf4 a3 41. Bb1 Qb7 42. Ba2 Qb4 0-1

[Event "*** Titled Tuesday Blitz"]
[Site "Chess.com"]
[Date "2020.12.29"]
[Round "3"]
[White "Trovita84"]
[Black "malakismayil"]
[Result "0-1"]
[WhiteElo "2007"]
[BlackElo "2310"]
[TimeControl "180+1"]
[EndTime "10:28:24 PST"]
[Termination "malakismayil won by resignation"]

1. e4 e5 2. Nf3 Nc6 3. Bc4 Bc5 4. O-O Nf6 5. d3 d6 6. c3 Bg4 7. Bg5 h6 8. Bh4 g5 9. Bg3 Qe7 10. Nbd2 Bb6 11. b4 Nh5 12. a4 a6 13. b5 axb5 14. axb5 Na5 15. Nb3 O-O 16. Nxa5 Bxa5 17. h3 Bxf3 18.
Qxf3 Nf4 19. Bxf4 exf4 20. d4 Bb6 21. h4 Qf6 22. hxg5 hxg5 23. g3 Kg7 24. Kg2 Rh8 25. Bd5 Rxa1 26. Rxa1 Qh6 27. gxf4 Qh2+ 28. Kf1 Qh1+ 29.
Ke2 Qxa1 30. Qg4 Qb2+ 31. Kd3 Qb1+ 32. Ke3 Qc1+ 33. Kd3 Qxf4 0-1

[Event "*** Titled Tuesday Blitz"]
[Site "Chess.com"]
[Date "2020.12.29"]
[Round "3"]
[White "chess4life23"]
[Black "freshfoodcompany"]
[Result "0-1"]
[WhiteElo "2225"]
[BlackElo "2406"]
[TimeControl "180+1"]
[EndTime "10:28:25 PST"]
[Termination "freshfoodcompany won by resignation"]

1. d4 d5 2. c4 c6 3. e3 Nf6 4.
Nc3 Bg4 5. Qc2 e6 6. Bd3 Nbd7 7. Nge2 Bd6 8. Ng3 O-O 9. f3 Bh5 10. Nxh5 Nxh5 11. Bxh7+ Kh8 12. Bd3 Qh4+ 13. Kd1 Ng3 14.
Re1 Qxh2 15. Qf2 g6 16. Kc2 dxc4 17. Bxc4 Nf5 18. f4 Qg3 19. Rh1+ Kg7 20. Qxg3 Nxg3 21. Rh3 Nf5 22. g4 Ne7 23. e4 Rh8 24. Rf3 Rh2+ 25.
Bd2 Rah8 26. e5 Bc7 27. Raf1 Rg2 28. f5 exf5 29. gxf5 Nxf5 30. Rxf5 gxf5 31. Rxf5 f6 32. Be6 Rhh2 33. Ne4 Nxe5 34. dxe5 Bxe5 35. Kd3 Rh3+ 36. Be3 Rhh2 37. Rf3 Rxb2 38. Bb3 a5 39. Bc5 a4 40. Bxa4 Rxa2 41. Bb3 Rab2 42. Bb4 Rxb3+ 43. Kc4 Rxf3 0-1

[Event "*** Titled Tuesday Blitz"]
[Site "Chess.com"]
[Date "2020.12.29"]
[Round "3"]
[White "Msb2"]
[Black "bazar-wokzal"]
[Result "1-0"]
[WhiteElo "2780"]
[BlackElo "2554"]
[TimeControl "180+1"]
[EndTime "10:28:26 PST"]
[Termination "Msb2 won by resignation"]

1. d4 Nf6 2. c4 Nc6 3. Nf3 e6 4. g3 Bb4+ 5. Nbd2 a5 6. Bg2 d6 7. O-O e5 8. e3 Bg4 9. h3 Bxd2 10. Qxd2 Bh5 11. b3 O-O 12. Bb2 e4 13. Ne1 d5 14.
Ba3 Re8 15. Rc1 Nb4 16. Nc2 Nd3 17. Ra1 c6 18. Bh1 b5 19. f4 b4 20. Bc1 Qd7 21. g4 Nxg4 22. hxg4 Qxg4+ 23. Qg2 Qxg2+ 24. Bxg2 Be2 25. Bd2 Bxf1 26. Kxf1 f5 27. Ne1 dxc4 28.
bxc4 Nxe1 29. Kxe1 Re6 30. Kf2 g6 31. c5 Kg7 32. Bf1 Re7 33. Bc4 Rd7 34. a3 bxa3 35. Rxa3 a4 36. Bc3 Kf8 37. Kg3 Rb7 38. d5 Ra6 39. dxc6 Rxc6 40. Bd5 Rbc7 41. Bxc6 Rxc6 42. Rxa4 Kf7 43. Bd4 Ke6 44. Rb4 h6 45. Rb6 Kd5 46. Rxc6 Kxc6 47. Kh4 g5+ 48. fxg5 1-0

[Event "*** Titled Tuesday Blitz"]
[Site "Chess.com"]
[Date "2020.12.29"]
[Round "3"]
[White "Vesper2018"]
[Black "onnoelgersma"]
[Result "0-1"]
[WhiteElo "2629"]
[BlackElo "2436"]
[TimeControl "180+1"]
[EndTime "10:28:26 PST"]
[Termination "onnoelgersma won on time"]

1. e4 c5 2. Nc3 e6 3. Nge2 Nf6 4. g3 Nc6 5. Bg2 Be7 6. d4 cxd4 7. Nxd4 a6 8. O-O h5 9. Nxc6 bxc6 10. e5 Ng4 11. Qd4 Qa5 12. Ne4 Qxe5 13. Qd3 Qf5 14. Qe2 d5 15. Nc3 a5 16. h3 Ba6 17. Qd1 Bc5 18.
Bf4 g5 19. hxg4 hxg4 20. Re1 Qh7 21. Re2 gxf4 22. gxf4 g3 23. Kf1 gxf2 24. f5 Qxf5 25. Qd2 Bxe2+ 26. Nxe2 Rh2 27. Nf4 Qe5 28. Rd1 Be3 29.
Nd3 Qg3 0-1

[Event "*** Titled Tuesday Blitz"]
[Site "Chess.com"]
[Date "2020.12.29"]
[Round "3"]
[White "SaraciNderim"]
[Black "maximnovik"]
[Result "1-0"]
[WhiteElo "2838"]
[BlackElo "2611"]
[TimeControl "180+1"]
[EndTime "10:28:27 PST"]
[Termination "SaraciNderim won by resignation"]

1. d4 Nf6 2. Nf3 g6 3. g3 Bg7 4. Bg2 d5 5. O-O O-O 6. c4 dxc4 7.
Na3 Nc6 8. Nxc4 Be6 9. b3 a5 10. Bb2 a4 11. Nfe5 Nxe5 12. dxe5 Nd5 13. bxa4 c6 14.
a5 Nc7 15. Qc2 Bxc4 16. Qxc4 Rxa5 17. Bc3 Ra6 18. Rfd1 Qc8 19. a4 Rd8 20. Rxd8+ Qxd8 21. Rb1 Qc8 22. h4 h5 23. e3 Qa8 24. Qb4 Ra7 25.
Qxe7 Ne6 26. a5 b5 27. Qd6 Ra6 28. Rxb5 Bf8 29. Qd1 cxb5 30. Bxa8 Rxa8 31. Qd5 Rb8 32. a6 b4 33. a7 Rd8 34. Qxd8 Nxd8 35. a8=Q 1-0

[Event "*** Titled Tuesday Blitz"]
[Site "Chess.com"]
[Date "2020.12.29"]
[Round "3"]
[White "Barmen_EV"]
[Black "IMDT02"]
[Result "0-1"]
[WhiteElo "2340"]
[BlackElo "2539"]
[TimeControl "180+1"]
[EndTime "10:28:27 PST"]
[Termination "IMDT02 won on time"]

1. d4 Nf6 2. c4 e6 3. Nc3 d5 4.
cxd5 exd5 5. Bg5 c6 6. e3 Be7 7.
Bd3 Nbd7 8. Nge2 O-O 9. Qc2 Re8 10. O-O Nf8 11. f3 Ng6 12. e4 dxe4 13. fxe4 Ng4 14.
Bxe7 Qxe7 15. Qd2 c5 16. Nd5 Qd6 17. Nef4 cxd4 18. Rac1 Nxf4 19. Rxf4 Ne3 20. Bb5 Nxd5 21. exd5 Re5 22. Rxd4 a6 23. Bc4 Bd7 24. Bb3 Rae8 25. h3 Re2 26. Qf4 Qg6 27. Qf3 R8e3 28. Rg4 Qb6 29. Qf4 Re4+ 0-1

[Event "*** Titled Tuesday Blitz"]
[Site "Chess.com"]
[Date "2020.12.29"]
[Round "3"]
[White "Anton_Zhukov04"]
[Black "szachuspl"]
[Result "1-0"]
[WhiteElo "2214"]
[BlackElo "2471"]
[TimeControl "180+1"]
[EndTime "10:28:27 PST"]
[Termination "Anton_Zhukov04 won by checkmate"]

1. d4 Nf6 2. c4 g6 3. Nc3 Bg7 4. Bf4 O-O 5. e4 d6 6. Be2 Nc6 7. d5 Nb4 8. a3 Na6 9. Be3 c6 10. Nf3 cxd5 11. cxd5 Bg4 12. Nd2 Bxe2 13. Qxe2 Nd7 14.
Rc1 Rc8 15. O-O Bxc3 16. bxc3 Nac5 17. g3 Qa5 18. h4 a6 19. h5 Qa4 20. hxg6 fxg6 21.
Bd4 Ne5 22. Kg2 Rf7 23. Rb1 b5 24. f4 Ned7 25. Rh1 Qc2 26. Rbd1 Qd3 27. Qg4 Nf6 28. Qxc8+ Rf8 29. Qh3 Qe2+ 30. Bf2 Nd3 31. Rhf1 Nxf2 32.
Rxf2 Qxd1 33. e5 Ng4 34. Ne4 Nxf2 35. Kxf2 Qxd5 36. Ng5 h5 37. Qd7 Qxe5 38. Ne6 Rf6 39. Qe8+ Kh7 40. Qxe7+ Kh6 41. Qg7# 1-0

[Event "*** Titled Tuesday Blitz"]
[Site "Chess.com"]
[Date "2020.12.29"]
[Round "3"]
[White "dosto07"]
[Black "MacDaddyMac"]
[Result "0-1"]
[WhiteElo "2312"]
[BlackElo "2486"]
[TimeControl "180+1"]
[EndTime "10:28:27 PST"]
[Termination "MacDaddyMac won on time"]

1. d4 e6 2. e4 d5 3. Nd2 Nf6 4. e5 Nfd7 5. Bd3 c5 6. c3 Nc6 7. Ne2 Qb6 8. Nf3 cxd4 9. cxd4 Bb4+ 10. Bd2 a6 11. O-O Be7 12. a3 h6 13. b4 Qc7 14.
Nf4 b5 15. Rc1 Nb6 16. Nh5 Bf8 17. Be3 Nc4 18. Qb3 Qb6 19. Bb1 Bd7 20. Rfd1 a5 21.
bxa5 Rxa5 22. Bd3 Rxa3 23. Qb1 Nb4 24. Nxg7+ Bxg7 25. Qxb4 Bf8 26. Qb1 Qa7 27. Bxc4 bxc4 28. Qb2 Rb3 29. Ra1 Ba3 30. Qe2 Bb5 31. Qc2 Qa4 32.
Nd2 Rd3 33. Qxa4 Bxa4 34. Rdb1 O-O 35. Nf1 Bc2 36. Rb7 Rb3 37. Ra7 Bb2 38. Re1 c3 39. Bxh6 Rc8 40. Re3 Bg6 0-1

[Event "*** Titled Tuesday Blitz"]
[Site "Chess.com"]
[Date "2020.12.29"]
[Round "3"]
[White "Aslanov_Umid"]
[Black "CakeinSpace2002"]
[Result "1-0"]
[WhiteElo "2250"]
[BlackElo "2391"]
[TimeControl "180+1"]
[EndTime "10:28:28 PST"]
[Termination "Aslanov_Umid won by resignation"]

1. e4 c5 2. Nf3 Nc6 3. d4 cxd4 4. Nxd4 Nf6 5. Nc3 e5 6. Ndb5 d6 7. Bg5 a6 8. Na3 b5 9. Nd5 Be7 10. Bxf6 Bxf6 11. c3 O-O 12. Nc2 Rb8 13. Be2 Bg5 14.
O-O Kh8 15. Nce3 g6 16. b3 f5 17. exf5 gxf5 18. a4 f4 19. Ng4 e4 20. axb5 axb5 21. Nb4 Nxb4 22. cxb4 h5 23. Qd4+ Kh7 24.
Ra7+ Rb7 25. Qxe4+ Kg8 26. Rxb7 Bxb7 27. Qxb7 hxg4 28.
Bxg4 Qf6 29. Qxb5 Qe5 30. Qxe5 dxe5 31. b5 Rb8 32. Bd7 Kf8 33. Rd1 Ke7 34. Bc6 Ke6 35. Rd7 Be7 36. h3 Bc5 37. Rh7 Bd4 38. Rh6+ Kf5 39.
h4 e4 40. Rh5+ Kg4 41. Rh7 e3 42. fxe3 fxe3 43. Kf1 Rf8+ 44. Ke2 Rf2+ 45. Kd3 Rd2+ 46. Kc4 e2 47. Bf3+ Kf4 48. Bxe2 Be5 49. Bf3 Rd4+ 50.
Kc5 Rd8 51. Rf7+ Ke3 52. Kc6 Rc8+ 53. Kb7 Rb8+ 54. Ka6 Bd4 55. Re7+ Kd3 56. Rd7 Kc3 57. Rxd4 Kxd4 58. b6 Kc5 59. b7 Kd6 60. Ka7 Kc7 61. h5 Rh8 62. g4 Kd7 63. b8=Q 1-0

[Event "*** Titled Tuesday Blitz"]
[Site "Chess.com"]
[Date "2020.12.29"]
[Round "3"]
[White "HouseOfDurin"]
[Black "Trickov"]
[Result "0-1"]
[WhiteElo "2095"]
[BlackElo "2325"]
[TimeControl "180+1"]
[EndTime "10:28:28 PST"]
[Termination "Trickov won on time"]

1. d4 d5 2. Bg5 h6 3. Bh4 Nf6 4. Bxf6 exf6 5. e3 f5 6. g3 Nd7 7. c4 dxc4 8. Bxc4 Nf6 9. Qb3 Qd7 10. Nc3 c6 11. a4 Bd6 12. Nge2 O-O 13. O-O a5 14.
Rfd1 Qe7 15. Nc1 Ne4 16. Bf1 Be6 17. Qc2 Nxc3 18. bxc3 Bd5 19. Qxf5 Be4 20. Qh5 Ba3 21. Bd3 Bb2 22. Rb1 Bxc3 23. Bxe4 Qxe4 24. Rxb7 Qc2 25. Nd3 Qxa4 26. Ne5 Qa2 27. Rc1 Bb4 28. Rxc6 Qb1+ 29. Kg2 Qe4+ 30. Qf3 Qxf3+ 31. Kxf3 f6 32. Nd3 Rfb8 33.
Rcc7 Bf8 0-1

[Event "*** Titled Tuesday Blitz"]
[Site "Chess.com"]
[Date "2020.12.29"]
[Round "3"]
[White "Zemerovv"]
[Black "omer1997"]
[Result "0-1"]
[WhiteElo "2178"]
[BlackElo "2362"]
[TimeControl "180+1"]
[EndTime "10:28:29 PST"]
[Termination "omer1997 won by checkmate"]

1. g3 d5 2. Bg2 Nf6 3. d3 c6 4. Nd2 Bg4 5. h3 Bh5 6. g4 Bg6 7. f4 e6 8. e4 dxe4 9. dxe4 h6 10. f5 Bh7 11. Ngf3 Bc5 12. Qe2 O-O 13. Nb3 Bb6 14. Bf4 exf5 15. gxf5 Re8 16. Rd1 Qe7 17. Ne5 Nbd7 18.
Nxd7 Nxd7 19. Be3 Bxf5 20. Bxb6 axb6 21. O-O Bg6 22. a3 Nf6 23. Nd4 Nxe4 24. Nf5 Qc5+ 25. Qe3 Bxf5 26. Qxc5 Nxc5 27. Rxf5 Re2 28. Rf2 Rae8 29. Rdf1 f6 30. Rxe2 Rxe2 31. Rf2 Rxf2 32. Kxf2 Kf7 33. Ke3 Ke6 34. b4 Na4 35. c4 Ke5 36. b5 cxb5 37. cxb5 Nc3 38. Bxb7 Nxb5 39. a4 Nc3 40. Bc6 f5 41. h4 g5 42. hxg5 hxg5 43. Kf3 g4+ 44. Kg3 Ne4+ 45. Kg2 f4 46. Bb5 f3+ 47. Kf1 Kf4 48. Kg1 g3 49. Bd3 Nc5 50.
Bc2 Ke3 51. Kf1 Ne4 52. a5 bxa5 53. Ba4 Ng5 54. Bd7 g2+ 55. Kg1 a4 56. Bf5 a3 57.
Kh2 Kf2 58. Bb1 g1=Q# 0-1

[Event "*** Titled Tuesday Blitz"]
[Site "Chess.com"]
[Date "2020.12.29"]
[Round "3"]
[White "AsaHoffmann"]
[Black "Roza_Idrisova"]
[Result "1/2-1/2"]
[WhiteElo "2346"]
[BlackElo "2172"]
[TimeControl "180+1"]
[EndTime "10:28:30 PST"]
[Termination "Game drawn by agreement"]

1. d4 d5 2. Bg5 c6 3. e3 Bf5 4. Bd3 Bxd3 5. Qxd3 Nd7 6. f4 Qb6 7. b3 e6 8. Nf3 h6 9. Bh4 Ngf6 10. Nbd2 Qa5 11. c3 Ne4 12. b4 Qa3 13. Nb3 a5 14. bxa5 c5 15. Qc2 c4 16. Nbd2 Nxc3 17. O-O Bd6 18.
Ne5 Nf6 19. Bxf6 gxf6 20. Nexc4 Ne2+ 21. Kf2 dxc4 22. Nxc4 Qb4 23. Nxd6+ Qxd6 24. Qa4+ Kf8 25. Kxe2 Qa6+ 26. Kf2 h5 27. Rfb1 h4 28. h3 Rh5 29.
Qd7 Rxa5 30. Rxb7 Rxa2+ 31. Rxa2 Qxa2+ 32. Kf3 Qd5+ 33. Qxd5 exd5 34. Rd7 Ra5 35. Kg4 Ke8 36. Rb7 Ra2 37. Kxh4 Rxg2 38. Rb5 Re2 39. Rxd5 Rxe3 40.
Kg4 Re1 41. h4 Ke7 42. Kf5 Rh1 43. Ra5 Rxh4 44. Ra7+ Kf8 45. d5 Kg7 46. d6 Rh1 47. d7 Rd1 48. Ke4 Rd6 49. f5 Rd1 50. Kf4 Rd2 51. Ke3 Rd1 52. Kf4 1/2-1/2

[Event "*** Titled Tuesday Blitz"]
[Site "Chess.com"]
[Date "2020.12.29"]
[Round "3"]
[White "queen_iryna"]
[Black "Morshynska"]
[Result "0-1"]
[WhiteElo "2343"]
[BlackElo "2209"]
[TimeControl "180+1"]
[EndTime "10:28:31 PST"]
[Termination "Morshynska won by resignation"]

1. e4 e5 2. Nf3 Nc6 3. d3 Nf6 4. Nbd2 d5 5. Be2 Bc5 6. O-O O-O 7. c3 a5 8. h3 a4 9. Re1 Re8 10. Bf1 b6 11. Qc2 h6 12. exd5 Qxd5 13. Ne4 Be7 14. Nxf6+ Bxf6 15. d4 Bb7 16. c4 Nxd4 17. Nxd4 Qxd4 18.
Be3 Qd7 19. Rad1 Qc6 20. Qf5 Bc8 21. Qh5 Qe6 22. b3 Qf5 23. Qe2 axb3 24. axb3 Bb7 25.
c5 bxc5 26. Bxc5 e4 27. Be3 Ba6 28. Qc2 Bxf1 29. Rxf1 Be5 30. g3 Qf3 31. Kh2 Bxg3+ 32. fxg3 Qxe3 33. Qc4 Rf8 34. Qxc7 Ra2+ 35. Kh1 Qe2 36.
Qxf7+ Rxf7 37. Rd8+ Kh7 0-1

[Event "*** Titled Tuesday Blitz"]
[Site "Chess.com"]
[Date "2020.12.29"]
[Round "3"]
[White "tdf98pantani"]
[Black "GigaQuparadze"]
[Result "0-1"]
[WhiteElo "2652"]
[BlackElo "2893"]
[TimeControl "180+1"]
[EndTime "10:28:32 PST"]
[Termination "GigaQuparadze won by resignation"]

1. e4 c5 2. Nf3 e6 3. d4 cxd4 4.
Nxd4 a6 5. Bd3 g6 6. c4 Bg7 7. Ne2 Ne7 8. Nbc3 Nbc6 9. O-O O-O 10. Bg5 h6 11. Bh4 b6 12. Qd2 Bb7 13. Rfd1 g5 14. Bg3 Ne5 15. f3 Rc8 16. b3 b5 17. cxb5 axb5 18. Nxb5 d5 19. Nec3 Qa5 20. exd5 Nxd3 21. Qxd3 Bxc3 22. Nxc3 Rxc3 23. Qd2 Nxd5 24. Be5 Rc5 25. Bd6 Qb6 26. Bxc5 Qxc5+ 27. Qd4 Qa3 28.
Rdc1 Nf4 29. Rc2 Bd5 30. g3 Ng6 31. Kf2 Qa8 32. Rc3 e5 33. Qc5 e4 34. a4 exf3 35.
Rd1 Be6 36. a5 Qe4 37. Re1 Qg4 38. Rxf3 Qh3 39. Kg1 Rc8 40. Qf2 Bd5 41. Rd3 Nf4 42. Rd2 Qg4 43. Qe3 Nh3+ 44. Kf1 Qf5+ 45. Ke2 Bc6 46. Rd4 Re8 0-1

[Event "*** Titled Tuesday Blitz"]
[Site "Chess.com"]
[Date "2020.12.29"]
[Round "3"]
[White "Love_craft"]
[Black "kingofthenil"]
[Result "0-1"]
[WhiteElo "2491"]
[BlackElo "2746"]
[TimeControl "180+1"]
[EndTime "10:28:32 PST"]
[Termination "kingofthenil won by checkmate"]

1. Nf3 Nf6 2. g3 d5 3. Bg2 e6 4. O-O Be7 5. d3 O-O 6. Nbd2 c5 7. e4 Nc6 8. e5 Nd7 9. Re1 Qc7 10. Qe2 b5 11. h4 Bb7 12. Nf1 Rfc8 13. Bf4 Nd4 14.
Nxd4 cxd4 15. Rec1 Qb6 16. h5 Rc6 17. Nh2 Rac8 18.
h6 g6 19. Nf3 b4 20. Qd2 a5 21. Bg5 Bf8 22. b3 Rc3 23. Qf4 Rxc2 24. Rxc2 Rxc2 25.
Nxd4 Rc3 26. Bf1 Bc5 27. Ne2 Rxd3 28. Rc1 d4 29. Bg2 Bxg2 30. Kxg2 Qc6+ 31. f3 Qd5 32. Bf6 Re3 33. Ng1 d3 34. Bg7 d2 35. Qxe3 d1=Q 36. Rxd1 Qxd1 37. Qe4 Qxg1+ 38. Kh3 Qh1+ 39. Kg4 Qh5+ 40. Kf4 g5# 0-1

[Event "*** Titled Tuesday Blitz"]
[Site "Chess.com"]
[Date "2020.12.29"]
[Round "3"]
[White "aa175"]
[Black "Neftegor"]
[Result "0-1"]
[WhiteElo "2374"]
[BlackElo "2571"]
[TimeControl "180+1"]
[EndTime "10:28:32 PST"]
[Termination "Neftegor won on time"]

1. d4 Nf6 2. Bf4 c5 3. e3 Qb6 4. Nc3 a6 5. a3 cxd4 6. exd4 d5 7. Nf3 Bg4 8. Be2 Bxf3 9. Bxf3 e6 10. O-O Nc6 11.
Ne2 Qxb2 12. Rb1 Qxa3 13. Rxb7 Na5 14. Rc7 Bd6 15. Rc3 Qb4 16. Bd2 Qb8 17. Qa1 Nc4 18. Qa4+ Ke7 19. Rxc4 dxc4 20. Bxa8 Qxa8 21. Qxc4 Rc8 22.
Qa4 Qc6 23. Qa5 Qb5 24. Qxb5 axb5 25. c3 Nd5 26. Rb1 b4 27. cxb4 Rc2 28. Rd1 Kd7 29. b5 Rb2 30. Nc3 Rxd2 31. Rxd2 Nxc3 32. b6 Nd5 33. Rb2 Kc6 34. b7 Bb8 35. f3 Nb6 36.
Kf2 Kxb7 37. Ke3 Kc6 38. Ke4 f5+ 39. Kd3 Bd6 40. Rc2+ Kd7 41. Rb2 Nd5 42. Rb7+ Bc7 43. Ra7 Nf4+ 44. Ke3 Nxg2+ 45. Kf2 Nf4 46. h4 h5 47. Ke3 Nd5+ 48. Kd3 g6 49. Ra8 Bd8 50. Ra7+ Nc7 51. Ra1 Bxh4 52. Rg1 g5 53. Rh1 f4 54. Ke4 Ke7 55. Ke5 Nd5 56. Ra1 Kd7 57. Ra7+ Nc7 58. Ra4 Bg3 59. Ra1 g4 0-1

[Event "*** Titled Tuesday Blitz"]
[Site "Chess.com"]
[Date "2020.12.29"]
[Round "3"]
[White "karinachess1"]
[Black "winniethepooh04"]
[Result "1-0"]
[WhiteElo "2501"]
[BlackElo "2228"]
[TimeControl "180+1"]
[EndTime "10:28:32 PST"]
[Termination "karinachess1 won on time"]

1. Nf3 Nf6 2. c4 g6 3. g3 Bg7 4. Bg2 O-O 5. O-O d6 6. d4 c6 7. Nc3 Bg4 8. h3 Bxf3 9. Bxf3 Nbd7 10. e4 e5 11. Be3 exd4 12. Bxd4 Ne5 13. Be2 Qc8 14.
Kg2 Qe6 15. b3 c5 16. Be3 Nc6 17. f3 Nd4 18. Bd3 Nd7 19. f4 Nf5 20. Bd2 Bxc3 21.
exf5 Qf6 22. Rc1 Bxd2 23. Qxd2 gxf5 24. Qc2 Kh8 25. Bxf5 Rad8 26. Bxh7 Qh6 27. Bf5 Rg8 28. Rce1 Nf6 29. Qc3 Qg7 30. Re7 Nh5 31. Qxg7+ Rxg7 32. g4 f6 33. Rxg7 Nxg7 34. Be4 Re8 35. Bxb7 Re2+ 36. Rf2 Re3 37. Rd2 Ne6 38. Rxd6 Nxf4+ 39. Kf2 Rxh3 40. Rxf6 1-0

[Event "*** Titled Tuesday Blitz"]
[Site "Chess.com"]
[Date "2020.12.29"]
[Round "3"]
[White "WonderChampion"]
[Black "Sjakkerntobi"]
[Result "0-1"]
[WhiteElo "2051"]
[BlackElo "2315"]
[TimeControl "180+1"]
[EndTime "10:28:32 PST"]
[Termination "Sjakkerntobi won by resignation"]

1. d4 e6 2. e4 d5 3. Nc3 Bb4 4. exd5 exd5 5. Bd3 Nc6 6. Nf3 Nge7 7. O-O Bg4 8. Be3 Qd7 9. a3 Bd6 10. Re1 O-O-O 11. Bg5 f6 12. Be3 h5 13. Nb5 g5 14.
c4 dxc4 15. Bxc4 h4 16. d5 Ne5 17. Nxa7+ Kb8 18. Bb5 Qf5 19. Be2 Bxf3 20. Bxf3 Nxf3+ 21. Qxf3 Qxf3 22. gxf3 Nxd5 23. Nb5 Be5 24. Rab1 c6 25.
Nc3 Nxc3 26. bxc3 Bxc3 27. Rec1 Rd3 28. Rb3 Rxe3 29. fxe3 Be5 30. Rcb1 Rh7 31. a4 Rd7 32. a5 Ka7 33. Rb4 c5 34. Rb5 c4 35. Rc5 c3 36.
Rcb5 c2 37. Rf1 Rd1 38. Rc5 Rd2 39. h3 b6 40. axb6+ Kxb6 41. Rc8 Bc7 42. f4 Rd1 43. fxg5 Rxf1+ 44. Kxf1 c1=Q+ 45. Kg2 Qd2+ 0-1

[Event "*** Titled Tuesday Blitz"]
[Site "Chess.com"]
[Date "2020.12.29"]
[Round "3"]
[White "JoachimMouhamad"]
[Black "DryCounty"]
[Result "1/2-1/2"]
[WhiteElo "2358"]
[BlackElo "2622"]
[TimeControl "180+1"]
[EndTime "10:28:33 PST"]
[Termination "Game drawn - insufficient material"]

1. e4 e5 2. Nf3 Nc6 3. Bb5 a6 4. Ba4 Nf6 5. O-O Nxe4 6. d4 b5 7. Bb3 d5 8. dxe5 Be6 9. Nbd2 Nc5 10. c3 Bg4 11. h3 Bh5 12. Bc2 Be7 13. Re1 O-O 14. Nf1 Re8 15. Ng3 Bg6 16. Bxg6 hxg6 17. Be3 Ne6 18. Qd2 Qd7 19. Rad1 Rad8 20. h4 Na5 21. b3 Nb7 22. h5 gxh5 23. Nxh5 c5 24.
Ng5 d4 25. Nxe6 Qxe6 26. cxd4 cxd4 27. Bxd4 Qg4 28. Qe2 Qxe2 29. Rxe2 Rd7 30. Red2 Bb4 31. Rd3 Red8 32. Nf4 g5 33. Bb6 Rxd3 34. Nxd3 Rd7 35.
Nb2 Rxd1+ 36. Nxd1 Bc5 37. Bxc5 Nxc5 38. g3 Nd3 39.
Kg2 Nxe5 40. f4 gxf4 41. gxf4 Nd3 42. Kf3 f5 43. Ke3 Nb4 44. a4 Nd5+ 45. Kd4 Nxf4 46. axb5 axb5 47. Ke5 Nd3+ 48. Kxf5 Nc5 49. b4 Nd3 50.
Nc3 Nxb4 51. Nxb5 1/2-1/2

[Event "*** Titled Tuesday Blitz"]
[Site "Chess.com"]
[Date "2020.12.29"]
[Round "3"]
[White "Olga_Zhuravleva"]
[Black "pastouche06"]
[Result "0-1"]
[WhiteElo "2303"]
[BlackElo "2527"]
[TimeControl "180+1"]
[EndTime "10:28:33 PST"]
[Termination "pastouche06 won by resignation"]

1. e4 c6 2. Nf3 d5 3. Nc3 dxe4 4. Nxe4 Nf6 5. Ng3 h5 6. h3 h4 7. Ne2 c5 8. d4 Nc6 9. Bg5 cxd4 10. Nexd4 Nxd4 11.
Qxd4 Qxd4 12. Nxd4 Ne4 13. Be3 a6 14. Bd3 Nc5 15. Be2 e5 16. Nf3 f6 17. O-O-O Be6 18. b3 Rd8 19. Kb2 g5 20. Rxd8+ Kxd8 21. Rd1+ Kc7 22. Nh2 Be7 23. Ng4 Nd7 24. c4 f5 25.
Nh2 Bf6 26. Kb1 e4 27. f4 exf3 28. Bxf3 Re8 29. Bd4 Bf7 30. Bf2 Bg6 31. Nf1 g4 32. Bxb7 f4+ 33. Kc1 Re2 34. Bd4 Kxb7 35. Bxf6 Nxf6 36.
Rd6 Rxg2 37. Rxf6 gxh3 38. Rxf4 Rg1 39. Rf2 Bd3 40. Kd2 Bxf1 41. Ke3 Bg2 42. Rf7+ Kc6 43. Rf6+ Kd7 44. Kf2 Rf1+ 0-1